 Dungeon Crawl Stone Soup version 0.29.1-15-g9cfb28693d (webtiles) character file.

Game seed: 2781846539194304160

196 Heoruswealwe the Magician (level 5, -4/28 HPs)
             Began as a Deep Elf Earth Elementalist on Apr 14, 2023.
             Slain by a freezing wraith (8 damage)
             ... created by the anger of Yredelemnul
             ... on level 3 of the Dungeon.
             The game lasted 00:13:18 (1464 turns).

Heoruswealwe the Magician (DEEE)                    Turns: 1464, Time: 00:13:20

Health: -4/28      AC:  5    Str:  5    XL:     5   Next: 46%
Magic:  7/15       EV: 12    Int: 22    God:
Gold:   122        SH:  0    Dex: 15    Spells: 5/15 levels left

rFire   . . .      SeeInvis .   m - +1 rapier (venom)
rCold   . . .      Faith    .   (no shield)
rNeg    . . .      Spirit   .   a - +0 robe
rPois   .          Reflect  .   (no helmet)
rElec   .          Harm     .   u - +0 cloak
rCorr   .          Rampage  .   o - +1 pair of gloves
Will    .....                   (no boots)
Stlth   ++........              (no amulet)
HPRegen 0.09/turn               (no ring)
MPRegen 0.14/turn               (no ring)

@: slowed, very slow
A: no striking features
a: no special abilities


You were on level 3 of the Dungeon.
You visited 1 branch of the dungeon, and saw 3 of its levels.

You collected 122 gold pieces.

Inventory:

Hand Weapons
 m - a +1 rapier of venom (weapon)
Armour
 a - a +0 robe (worn)
 e - a +0 robe
 k - a +0 robe
 o - a +1 pair of gloves (worn)
 r - a +0 robe
 t - a +0 robe
 u - a +0 cloak (worn)
Scrolls
 c - 3 scrolls of teleportation
 g - a scroll of enchant weapon
 l - a scroll of enchant armour
 n - a scroll of magic mapping
 s - a scroll of brand weapon {unknown}
Potions
 b - a potion of magic
 d - a potion of brilliance {unknown}
 f - a potion of mutation {unknown}
 h - 2 potions of flight
 i - 2 potions of lignification {unknown}
 j - a potion of heal wounds {unknown}
 p - a potion of attraction {unknown}
 q - a potion of cancellation {unknown}


   Skills:
 - Level 2.4 Dodging
 - Level 2.4 Stealth
 + Level 5.8 Spellcasting
 - Level 1.1 Transmutations
 + Level 5.3 Earth Magic


You had 5 spell levels left.
You knew the following spells:

 Your Spells              Type           Power      Damage    Failure   Level
a - Sandblast             Erth           60%        2d14      1%          1
b - Stone Arrow           Conj/Erth      36%        3d9       10%         3
c - Petrify               Tmut/Erth      20%        N/A       24%         4
z - Passwall              Tmut/Erth      16%        N/A       3%          2

Your spell library contained the following spells:

 Spells                   Type           Power      Damage    Failure   Level


Dungeon Overview and Level Annotations

Branches:
Dungeon (3/15)

Altars:
Yredelemnul
Zin


Message History

Things that are here:
a +0 trident; a +0 ring mail; an orc corpse
s - a scroll labelled YCZUUS RENNOBRENN
Things that are here:
a +0 club; a +0 leather armour
Things that are here:
a +0 club; a stone You see here a +0 whip.
Things that are here:
a +0 club; a kobold corpse You see here a +0 plate armour.
You see here a +0 robe.
t - a +0 robe You see here a +0 cloak.
You start putting on your armour.
You continue putting on your +0 cloak. x4
You finish putting on your +0 cloak.
A hobgoblin comes into view.
Yredelemnul sends servants to punish you.
The divine experience drains your vigour!
You feel yourself slow down.
A freezing wraith and a vampire come into view.
The freezing wraith moves out of view.
The vampire moves out of view.
You are too injured to fight recklessly!
Casting: Sandblast (safe; 1% risk of failure)
Confirm with . or Enter, or press ? or * to list all spells.
Aiming: Sandblast (safe; 1% risk of failure)
Press: ? - help, Shift-Dir - straight line, f - hobgoblin
Aim: a hobgoblin (asleep, 100% to hit)
The blast of sand hits the hobgoblin!
You kill the hobgoblin!
Casting: Sandblast (safe; 1% risk of failure)
Confirm with . or Enter, or press ? or * to list all spells.
Aiming: Sandblast (safe; 1% risk of failure)
Press: ? - help, Shift-Dir - straight line, f - freezing wraith
Aim: a freezing wraith (durably summoned, 84% to hit)
The blast of sand hits the freezing wraith but does no damage.
The freezing wraith hits you!
* * * LOW HITPOINT WARNING * * *
The freezing wraith freezes you!
You die...

#.............
#.....(...##.#
##.....##.#..#
##.#....#....##
##.............##
#...............#
##................
#.W...............
#@#.......).)....>
#..#.W....)........
....#.......).......
#.....#...............
#.....##........).)..#
####.###......#.......
#. ....######......
##.....##.....[....
........#####.###


You could see a freezing wraith.

Vanquished Creatures
  2 orc priests (D:3)
  An orc wizard (D:3)
  Terence (D:2)
  3 adders (D:2)
  A worm (D:2)
  8 orcs (D:3)
  3 bats (D:2)
  2 endoplasms (D:1)
  2 giant cockroaches
  3 goblins
  3 hobgoblins
  2 jackals (D:1)
  3 quokkas
  2 ball pythons
  A frilled lizard (D:3)
  6 kobolds
  6 rats
49 creatures vanquished.

Notes
Turn   | Place    | Note
-------+----------+-------------------------------------------
     0 | D:1      | Heoruswealwe the Deep Elf Earth Elementalist began the
                  | quest for the Orb.
     0 | D:1      | Reached XP level 1. HP: 10/10 MP: 6/6
   464 | D:1      | Reached XP level 2. HP: 15/15 MP: 5/8
   471 | D:1      | Learned a level 2 spell: Passwall
   789 | D:1      | You fall into a shaft and drop 1 floor!
   813 | D:2      | Noticed Terence
   814 | D:2      | Reached XP level 3. HP: 19/19 MP: 4/10
   877 | D:2      | Killed Terence
   910 | D:2      | Found a glowing silver altar of Zin.
   913 | D:2      | Reached XP level 4. HP: 14/24 MP: 9/12
   917 | D:2      | Learned a level 3 spell: Stone Arrow
   922 | D:2      | Learned a level 4 spell: Petrify
  1011 | D:2      | Found a faded altar of an unknown god.
  1063 | D:2      | Prayed at the altar of an unknown god.
  1063 | D:2      | Became a worshipper of Yredelemnul the Dark
  1063 | D:2      | Reached * piety under Yredelemnul
  1065 | D:2      | Fell from the grace of Yredelemnul
  1329 | D:3      | Reached skill level 5 in Spellcasting
  1365 | D:3      | Reached skill level 5 in Earth Magic
  1365 | D:3      | Reached XP level 5. HP: 17/28 MP: 11/15
  1462 | D:3      | Noticed a freezing wraith
  1462 | D:3      | Noticed a vampire
  1464 | D:3      | Slain by a freezing wraith

Illustrated notes

Levels and vault maps discovered:
D:1:      kennysheep_arrival_forest, layout_basic
D:2:      layout_rooms, dreamdust_ecumenical_altar_statues, basic_altar,
          minmay_quantized, uniq_terence
D:3:      layout_rooms, uniq_crazy_yiuf_cottage, uniq_jessica

Skill      XL: |  1  2  3  4 |
---------------+-------------+-----
Spellcasting   | 4 5 |  5.8
Earth Magic    | 4 5 |  5.3
Dodging        | |  2.4
Stealth        | |  2.4
Transmutations | |  1.1

Action                   |  1- 3 |  4- 6 || total
-------------------------+-------+-------++-------
 Cast: Sandblast         |    39 |    37 ||    76
Invok: Renounce Religion |       |     1 ||     1
  Use: Potion            |     3 |       ||     3
       Scroll            |       |     4 ||     4
Armor: Robe              |     2 |     1 ||     3
Dodge: Dodged            |    12 |     4 ||    16
